 Dungeon Crawl Stone Soup version 0.21.1-1-g345015f (webtiles) character file.

1238 raistware the Destroyer (level 8, -6/52 HPs)
             Began as a Mummy Conjurer on Mar 31, 2018.
             Was a Follower of Sif Muna.
             Mangled by corax's ghost (17 damage)
             ... on level 5 of the Dungeon.
             The game lasted 00:33:07 (6901 turns).

raistware the Destroyer (Mummy Conjurer)            Turns: 6901, Time: 00:33:08

Health: -6/52      AC:  7    Str: 12    XL:     8   Next: 25%
Magic:  1/17       EV: 12    Int: 16    God:    Sif Muna [*.....]
Gold:   275        SH:  0    Dex: 12    Spells: 11/20 levels left

rFire    x . .     SeeInvis .   d - +5 whip
rCold    + . .     Gourm    .   (no shield)
rNeg     + + +     Faith    .   a - +0 robe
rPois    ∞         Spirit   .   (no helmet)
rElec    .         Reflect  .   (no cloak)
rCorr    .         Harm     .   (no gloves)
MR       +....                  (no boots)
Stlth    ++........             (no amulet)
HPRegen  0.17/turn              j - +5 ring of protection (curse)
MPRegen  0.15/turn              n - ring of wizardry

@: no status effects
A: no food or potions, fire vulnerability, cold resistance 1, negative energy
resistance 3, torment resistance, unbreathing
a: Divine Energy, Renounce Religion


You were on level 5 of the Dungeon.
You worshipped Sif Muna.
Sif Muna was aware of your devotion.
You were not hungry.

You visited 2 branches of the dungeon, and saw 6 of its levels.
You also visited: Ossuary.

You collected 275 gold pieces.

Inventory:

Hand Weapons
 c - a +2 dagger of venom
 d - a +5 whip (weapon)
Missiles
 f - 51 poisoned needles
Armour
 a - a +0 robe (worn)
Magical Staves
 l - an uncursed staff of death
Jewellery
 j - a cursed +5 ring of protection (left hand)
 n - a ring of wizardry (right hand)
 p - an uncursed ring of protection from fire
Wands
 h - a wand of acid (5)
Scrolls
 e - 2 scrolls of identify
 g - 2 scrolls of fear
 i - 2 scrolls of magic mapping
 k - a scroll of remove curse
 m - a scroll of noise
Books
 b - a book of Conjurations

   Spells                             Type                      Level
   a - Magic Dart                     Conjuration                  1
   b - Searing Ray                    Conjuration                  2
   c - Dazzling Spray                 Conjuration/Hexes            3
   d - Fulminant Prism                Conjuration/Hexes            4
   e - Force Lance                    Conjuration/Translocation    4
   f - Iskenderun's Mystic Blast      Conjuration                  4


   Skills:
 - Level 1.5 Dodging
 - Level 1.5 Stealth
 + Level 6.5 Spellcasting
 - Level 8.0 Conjurations


You had 11 spell levels left.
You knew the following spells:

 Your Spells              Type           Power        Failure   Level  Hunger
a - Magic Dart            Conj           ####         1%          1    N/A
b - Iskenderun's Mystic   Conj           ####....     1%          4    N/A
c - Fulminant Prism       Conj/Hex       ###.......   11%         4    N/A

Dungeon Overview and Level Annotations

Branches:
Dungeon (5/15)             Temple (1/1) D:5

Altars:
Cheibriados
Dithmenos
Elyvilon
Gozag
Kikubaaqudgha
Nemelex Xobeh
Okawaru
Qazlal
Ru
Sif Muna
Trog
Uskayaw
Vehumet
Wu Jian
Yredelemnul
The Shining One

Annotations:
D:4 bmj180's ghost, novice HaFi
D:5 corax's ghost, novice GnMo


Innate Abilities, Weirdness & Mutations

You do not eat or drink.
Your flesh is vulnerable to fire.
You are immune to poison.
Your flesh is cold resistant. (rC+)
You are immune to negative energy. (rN+++)
You are immune to unholy pain and torment.
You can survive without breathing.


Message History

The worker ant bites you but does no damage.
Corax's ghost hits you but does no damage.
The worker ant completely misses you.
You barely miss the worker ant.
The worker ant is heavily wounded.
Corax's ghost hits you! The worker ant bites you.
You hit the worker ant but do no damage.
The worker ant is heavily wounded.
The worker ant bites you. Corax's ghost barely misses you.
The worker ant barely misses you.
You hit the worker ant but do no damage.
The worker ant is heavily wounded.
Corax's ghost misses you. The worker ant barely misses you.
Corax's ghost hits you!
You hit the worker ant.
The worker ant is severely wounded.
The worker ant bites you.
* * * LOW HITPOINT WARNING * * *
Corax's ghost hits you!
You die...

## *,,,,,,,,*****,* .#**********
*#.#****** **,,, ..,,,,,,,,,**
#.# *,,,, .#*******,,,** ####o#
**,,, ## **,,,,,*##....# **,*
*.....<,*....o# *,*
*#.......,#.$.# *,*
*#...#.,###..## **+* *
*#....##@#'W.# **,,, **
###*#..##a.W##.## **,,,, .#*
###.###...##.##...## **,,,,,
..###....##.#..###.....##**,,,,,,
..'..........W..#W[.......+,,,,,,
..#$.a...##.###....#...####,,,>,,
.#.....W.##.# ####....## **,,,,,
#.....Y...W.# ###.## **,,,,
*#.......#### #.# **,,,


You could see a worker ant and corax's ghost.

Vanquished Creatures
  An ice beast (D:5)
  2 ogres
  A phantom (D:4)
  2 elf zombies (Ossuary)
  2 hounds
  5 centaur zombies (Ossuary)
  A centaur skeleton (D:4)
  2 orc priests (D:3)
  3 orc wizards
  A worker ant (D:4)
  3 big kobold zombies (Ossuary)
  3 mummies (Ossuary)
  A howler monkey skeleton (D:4)
  6 adders
  An ooze (D:3)
  4 adder zombies (Ossuary)
  An adder skeleton (D:4)
  2 dart slugs
  3 worms
  4 leopard geckos
  19 orcs
  3 bats
  6 giant cockroaches
  7 goblins
  12 hobgoblins
  4 jackals (D:1)
  8 kobolds
  4 quokkas
  2 ball pythons
  2 frilled lizards
  5 goblin zombies (Ossuary)
  3 hobgoblin zombies (Ossuary)
  3 jackal zombies (Ossuary)
  3 kobold zombies (Ossuary)
  2 orc zombies (Ossuary)
  2 quokka zombies (Ossuary)
  5 rats
  4 rat zombies (Ossuary)
  A butterfly (D:5)
143 creatures vanquished.

Notes
Turn   | Place    | Note
-------+----------+-------------------------------------------
     0 | D:1      | raistware the Mummy Conjurer began the quest for the Orb.
     0 | D:1      | Reached XP level 1. HP: 13/13 MP: 4/4
     6 | D:1      | You fall through a shaft!
   396 | D:1      | Reached XP level 2. HP: 19/19 MP: 2/5
   911 | D:1      | Reached skill level 4 in Conjurations
  1123 | D:1      | Reached XP level 3. HP: 24/24 MP: 7/7
  1953 | D:3      | Reached XP level 4. HP: 30/30 MP: 6/8
  2114 | D:3      | Reached skill level 5 in Conjurations
  2207 | D:3      | Reached XP level 5. HP: 35/35 MP: 3/9
  2969 | D:4      | Noticed an ogre
  2988 | D:4      | Noticed bmj180's ghost (novice HaFi)
  3192 | D:4      | Noticed a phantom
  3207 | D:3      | Killed an ogre
  3207 | D:3      | Reached skill level 6 in Conjurations
  3207 | D:3      | Reached XP level 6. HP: 34/41 MP: 8/10
  3838 | D:4      | Reached skill level 7 in Conjurations
  4065 | D:4      | Reached XP level 7. HP: 46/46 MP: 4/11
  4191 | D:4      | Found an ancient bone altar of Kikubaaqudgha.
  4246 | D:4      | Learned a level 4 spell: Iskenderun's Mystic Blast
  4959 | D:5      | Entered Level 5 of the Dungeon
  4961 | D:5      | Noticed corax's ghost (novice GnMo)
  4980 | D:5      | Found a staircase to the Ecumenical Temple.
  4992 | Temple   | Entered the Ecumenical Temple
  5060 | Temple   | Became a worshipper of Sif Muna the Loreminder
  5317 | D:5      | Found a sand-covered staircase.
  5322 | Ossuary  | Entered an ossuary
  5332 | Ossuary  | Learned a level 4 spell: Fulminant Prism
  5744 | Ossuary  | Reached skill level 8 in Conjurations
  6207 | Ossuary  | Reached * piety under Sif Muna
  6304 | Ossuary  | Reached XP level 8. HP: 43/52 MP: 1/15
  6434 | Ossuary  | Reached skill level 5 in Spellcasting
  6901 | D:5      | Mangled by corax's ghost

Skill      XL: |  1  2  3  4  5  6  7  8 |
---------------+-------------------------+-----
Conjurations   | 4 5 6 7 8 |  8.0
Spellcasting   | 4 6 |  6.5
Dodging        | |  1.5
Stealth        | |  1.5

Action                   |  1- 3 |  4- 6 |  7- 9 || total
-------------------------+-------+-------+-------++-------
Melee: Short sword       |    19 |       |       ||    19
       Whip              |    11 |    28 |    57 ||    96
       Dagger            |    34 |    53 |     7 ||    94
 Cast: Magic Dart        |    64 |   121 |   133 ||   318
       Iskenderun's Myst |       |       |    16 ||    16
Evoke: Wand              |       |     2 |       ||     2
  Use: Scroll            |     4 |       |     5 ||     9
 Stab: Sleeping          |     2 |     1 |     1 ||     4
Armor: Robe              |    14 |    41 |    29 ||    84
Dodge: Dodged            |    46 |    61 |    58 ||   165
